 Dungeon Crawl Stone Soup version 0.25-a0-1024-gbfbf38f2cb (webtiles) character file.

Game seed: 15863361455838283458, levelgen mode: deterministic

14 Esekla the Skirmisher (level 2, 0/25 HPs)
             Began as a Formicid Abyssal Knight on May 12, 2020.
             Was a Follower of Lugonu.
             Succumbed to a goblin's poison
             ... on level 2 of the Dungeon.
             The game lasted 00:05:08 (782 turns).

Esekla the Skirmisher (Formicid Abyssal Knight)      Turns: 782, Time: 00:05:08

Health: 0/25       AC:  9    Str: 16    XL:     2   Next: 60%
Magic:  3/3        EV:  7    Int: 11    God:    Lugonu [*.....]
Gold:   113        SH:  0    Dex: 13    Spells: 1/1 levels left

rFire    . . .     SeeInvis +   a - +1 falchion
rCold    . . .     Gourm    .   (no shield)
rNeg     . . .     Faith    .   f - +0 chain mail
rPois    .         Spirit   .   (helmet unavailable)
rElec    .         Reflect  .   (no cloak)
rCorr    .         Harm     .   d - +0 pair of gloves {Dex+3}
MR       .....                  (no boots)
Stlth    ..........             (no amulet)
HPRegen  0.08/turn              (no ring)
MPRegen  0.08/turn              (no ring)

@: lethally poisoned (0 -> -17)
A: permanent stasis, dig shafts and tunnels, four strong arms, antennae 3
a: Dig, Shaft Self, Depart the Abyss, Renounce Religion


You were on level 2 of the Dungeon.
You worshipped Lugonu.
Lugonu was aware of your devotion.
You were not hungry.

You visited 1 branch of the dungeon, and saw 2 of its levels.
You visited the Abyss 1 time.

You collected 113 gold pieces.

Inventory:

Hand Weapons
 a - a +1 falchion (weapon)
 m - a +1 dagger of venom
Armour
 b - a +0 leather armour
 d - a +0 pair of gloves of dexterity (worn)
 f - a +0 chain mail (worn)
Scrolls
 e - a scroll of amnesia {unknown}
 i - a scroll of enchant armour {unknown}
 j - a scroll of fog {unknown}
 k - a scroll of magic mapping {unknown}
Potions
 g - a potion of heal wounds
Comestibles
 c - 4 rations
 l - 2 chunks of flesh


   Skills:
 * Level 3.7 Fighting
 * Level 2.4 Long Blades
 + Level 2.2 Armour
 + Level 1.0 Dodging
 + Level 2.2 Invocations


You had one spell level left.
You didn't know any spells.
Your spell library was empty.

Dungeon Overview and Level Annotations

Branches:
Dungeon (2/15)

Altars:


Innate Abilities, Weirdness & Mutations

You cannot be hasted, slowed, berserked, paralysed or teleported.
You can dig through walls and to a lower floor.
Your four strong arms can wield two-handed weapons with a shield.
You have a pair of large antennae on your head. (SInv)


Message History

You feel sick.
You feel sick.
Things that are here:
a +0 club; a hobgoblin corpse
* * * LOW HITPOINT WARNING * * *
You feel sick.
There is a lethal amount of poison in your body!
It was a potion of berserk rage.
Your stasis prevents you from going berserk.
* * * LOW HITPOINT WARNING * * *
You feel sick.
* * * LOW HITPOINT WARNING * * *
You feel sick.
Things that are here:
a +0 club; a hobgoblin corpse
* * * LOW HITPOINT WARNING * * *
You feel sick.
* * * LOW HITPOINT WARNING * * *
You feel sick.
You die...

#........#
#.#
#........#
#.#.###
#........#
#.#.#..
#.....(.##
#.#.#.#
#####.#.#
#.#.#.#
#.#.#
#.#.#.#
#.#.#
#.#.#.# {
#.#.#
#.#.#.#
#####.#.#
#.#.#@#
........#
#.)...#
#####.###
###.#####.##
#.#
#........#
#.#
##########
#<# ###


There were no monsters in sight!

Vanquished Creatures
  A dart slug (D:2)
  A giant cockroach (D:2)
  3 goblins
  2 hobgoblins
  A bat (D:1)
  A kobold (D:1)
  4 rats
13 creatures vanquished.

Notes
Turn   | Place    | Note
-------+----------+-------------------------------------------
     0 | Abyss:1  | Esekla the Formicid Abyssal Knight began the quest for the
                  | Orb.
     0 | Abyss:1  | Reached XP level 1. HP: 18/18 MP: 2/2
    10 | Abyss:1  | Found a corrupted altar of Lugonu.
    37 | Abyss:1  | Noticed a ynoxinul
    51 | Abyss:2  | Noticed a lorocyproca
    57 | Abyss:2  | Found a corrupted altar of Lugonu.
    63 | Abyss:2  | Found a corrupted altar of Lugonu.
    90 | Abyss:2  | Noticed a large abomination
   109 | D:1      | Escaped the Abyss
   570 | D:1      | Reached XP level 2. HP: 24/24 MP: 3/3
   597 | D:1      | Reached * piety under Lugonu
   721 | D:2      | Reached skill level 1 in Dodging
   781 | D:2      | HP: 1/25 [poisoned by a goblin]
   782 | D:2      | Succumbed to a goblin's poison

Illustrated notes

Levels and vault maps discovered:
D:1:      dpeg_arrival_ternary, layout_loops_corners
D:2:      layout_basic, minmay_cut_off, uniq_jessica, uniq_sigmund,
          uniq_crazy_yiuf_cottage

Skill      XL: |  1  2 |
---------------+-------+-----
Dodging        | 1 |  1.0
Fighting       | |  3.7
Long Blades    | |  2.4
Armour         | |  2.2
Invocations    | |  2.2

Action                   || total
-------------------------++-------
Melee: Falchion          ||    43
Invok: Depart the Abyss  ||     1
  Use: Potion            ||     2
Armor: Chain mail        ||    27
Dodge: Dodged            ||    14
       Rpst.: Falchion   ||     5

Table legend:
 A = Non-vault XP
 B = Vault XP
 C = Vault XP percentage of total XP
 D = Non-vault monster count
 E = Vault monster count
 F = Vault count percentage of total count
                 A         B        C        D         E       F
            +---------+---------+-------+---------+---------+-------
      Total |      21 |       0 |   0.0 |      13 |       0 |   0.0
            +---------+---------+-------+---------+---------+-------
        D:1 |      10 |       0 |   0.0 |       8 |       0 |   0.0
        D:2 |      11 |       0 |   0.0 |       5 |       0 |   0.0
            +---------+---------+-------+---------+---------+-------
